 Dungeon Crawl Stone Soup version 0.31-a0-844-gdc52ec4e09 (webtiles) character file.

Game seed: 2135598697674983576

357 lunkers the Insei (level 7, -5/52 HPs)
             Began as a Meteoran Shapeshifter on Sept 28, 2023.
             Slain by an ogre
             ... wielding a +0 giant club
              (16 damage)
             ... on level 4 of the Dungeon.
             The game lasted 00:02:03 (1471 turns).

lunkers the Insei (Meteoran Shapeshifter)           Turns: 1471, Time: 00:02:03

Health: -5/52      AC:  8    Str: 16    XL:     7   Next: 18%
Magic:  8/8        EV:  8    Int: 11    God:
Gold:   120        SH:  0    Dex: 16    Spells: 6/6 levels left

rFire   + +          .
                       - Unarmed
rCold   . . .        (no shield)
rNeg    . . .        g - +0 chain mail {rF+}
rPois   .            (helmet currently unavailable)
rElec   .            (cloak currently unavailable)
rCorr   .            (gloves currently unavailable)
SInv    .            (boots currently unavailable)
Will    .....        (no amulet) Stlth
                     r - ring of protection from fire
HPRegen 0.28/turn    (no ring)
MPRegen 0.11/turn

%: no passive effects
@: beast-form, glowing
A: beast (slay +3), sense surroundings 1, otherworldly, glowing, explore regen
a: Begin Untransformation


You were on level 4 of the Dungeon.
You were a hulking beast.
You visited 1 branch of the dungeon, and saw 4 of its levels.

You collected 120 gold pieces.

Inventory:

Armour
 a - a +0 animal skin
 g - a +0 chain mail of fire resistance (worn)
 u - a +0 troll leather armour {Pargi}
Jewellery
 r - a ring of protection from fire (left hand)
 w - an amulet of faith
Talismans
 c - a beast talisman (active)
 d - a flux talisman
Wands
 t - a wand of flame (28)
Scrolls
 e - a scroll of amnesia {unknown}
 f - 5 scrolls of identify {unknown}
 h - a scroll of silence {unknown}
 j - a scroll of teleportation {unknown}
 k - a scroll of enchant armour {unknown}
 l - 2 scrolls of fog {unknown}
 m - 3 scrolls of noise {unknown}
 o - a scroll of revelation {unknown}
 p - a scroll of brand weapon {unknown}
 x - a scroll of torment {unknown}
Potions
 b - 2 potions of lignification
 i - 4 potions of mutation {unknown}
 n - 2 potions of degeneration {unknown}
 q - a potion of invisibility {unknown}
 s - a potion of brilliance {unknown}
 v - a potion of might {unknown}


   Skills:
 - Level 1.1 Fighting
 - Level 2.1 Dodging
 * Level 7.4 Unarmed Combat
 + Level 5.5 Shapeshifting


You had 6 spell levels left.
You didn't know any spells.
Your spell library contained the following spells:

 Spells                   Type           Power      Damage    Failure   Level
 Anguish                  Hex/Necr       0%         N/A       100%        4
 Cause Fear               Hex            0%         N/A       100%        4
 Enfeeble                 Hex            0%         N/A       100%        7


Dungeon Overview and Level Annotations

Branches:
Dungeon (4/15) Zot: 944
 Temple: D:4-7

Altars:


Innate Abilities, Weirdness & Mutations

You are a hulking beast.
Your limbs bulge with bestial killing power. (Slay +3)
You passively map a small area around you.
You are easily found by Zot.
You glow in the dark.
You regain HP and MP as you explore.


Message History

The kobold shouts!
The kobold hits you but does no damage.
You hit the kobold. Your punch misses the kobold.
The kobold is moderately wounded.
The kobold hits you but does no damage.
You closely miss the kobold.
The kobold is moderately wounded.
The kobold hits you but does no damage.
You punch the kobold!
You kill the kobold!
No target in view!
No target in view!
No target in view!
No target in view!
No target in view!
No target in view!
No target in view!
No target in view!
No target in view!
No target in view!
No target in view!
No target in view!
No target in view!
No target in view!
x - a scroll labelled EDAERIQAOCK
Found a spear.
You see here a +0 spear.
An ogre comes into view. It is wielding a +0 giant club.
The ogre shouts!
The ogre hits you with a +0 giant club!
You completely miss the ogre. You punch the ogre!
The ogre is heavily wounded.
The ogre hits you with a +0 giant club!!
Ouch! That really hurt!
* * * LOW HITPOINT WARNING * * *
You punch the ogre!
The ogre is severely wounded.
The ogre hits you with a +0 giant club!
You die...

# ####### *
### #.....#
#.##
#.###.(...#
...
.#........#
..#
#.###.....#
... ,,
..........#
#.#
#.##.######
#.# #.##.#
#O# #....#
#######h#
#.#.)#
#)......#
..#..#
#.#######
.....# #.#
###.######.#
#........#
##########


You could see an ogre.

Vanquished Creatures
  Pargi (D:4)
  Blork the orc (D:4)
  A scorpion (D:4)
  A hound (D:4)
  Jessica (D:2)
  3 gnolls (D:3)
  An adder (D:3)
  An ufetubus (D:4)
  4 orcs (D:3)
  2 endoplasms (D:2)
  4 hobgoblins
  2 jackals (D:1)
  A quokka (D:1)
  3 ball pythons
  A bat (D:1)
  A frilled lizard (D:1)
  2 goblins
  10 kobolds
  7 rats
47 creatures vanquished.

Notes
Turn   | Place    | Note
-------+----------+-------------------------------------------
     0 | D:1      | lunkers the Meteoran Shapeshifter began the quest for the
                  | Orb.
     0 | D:1      | Reached XP level 1. HP: 16/16 MP: 2/2
   124 | D:1      | Reached XP level 2. HP: 10/23 MP: 3/3
   177 | D:1      | Reached skill level 4 in Unarmed Combat
   351 | D:1      | Reached XP level 3. HP: 26/28 MP: 4/4
   630 | D:2      | Noticed Jessica
   651 | D:2      | Killed Jessica
   652 | D:2      | Reached skill level 5 in Unarmed Combat
   652 | D:2      | Reached XP level 4. HP: 12/35 MP: 5/5
   993 | D:3      | Reached XP level 5. HP: 21/40 MP: 6/6
  1183 | D:4      | Noticed Pargi
  1185 | D:4      | Reached skill level 6 in Unarmed Combat
  1190 | D:4      | Reached skill level 5 in Shapeshifting
  1190 | D:4      | Reached XP level 6. HP: 37/47 MP: 7/7
  1197 | D:4      | Killed Pargi
  1198 | D:4      | Reached skill level 7 in Unarmed Combat
  1297 | D:4      | Noticed Blork the orc
  1307 | D:4      | Killed Blork the orc
  1308 | D:4      | Reached XP level 7. HP: 39/52 MP: 8/8
  1471 | D:4      | Slain by an ogre

Illustrated notes

Levels and vault maps discovered:
D:1:      dpeg_arrival_stonehenge_8_columns, layout_rooms
D:2:      wad_lake_hut, layout_loops_ring, fountainhead, uniq_jessica
D:3:      layout_basic, hellmonk_ecumenical_altar_defaced_shrine
D:4:      layout_loops_cross, marbit_many_paths, uniq_pargi, uniq_blork_the_orc

Skill      XL: |  1  2  3  4  5  6 |
---------------+-------------------+-----
Unarmed Combat | 4 5 6 7 |  7.4
Shapeshifting  | 4 5 |  5.5
Fighting       | |  1.1
Dodging        | |  2.1

Action                     |  1- 3 |  4- 6 |  7- 9 || total
---------------------------+-------+-------+-------++-------
  Melee: Unarmed           |    82 |    74 |    10 ||   166
         Punch             |     1 |     3 |       ||     4
    Use: Potion            |     1 |     1 |       ||     2
 Armour: Chain mail        |    57 |    50 |     9 ||   116
         Animal skin       |     1 |       |       ||     1
         Skin              |    15 |    30 |       ||    45
  Dodge: Dodged            |    18 |    19 |     3 ||    40

Table legend: (Time is in decaauts)
 A = Elapsed time spent in this place.
 B = Non-inter-level travel time spent in this place.
 C = Inter-level travel time spent in this place.
 D = Time resting spent in this place.
 E = Time spent auto-exploring this place.
 F = Levels seen in this place.
 G = Mean time per level.
                   A        B        C        D        E       F      G
               +--------+--------+--------+--------+--------+-----+--------+
         Total |   1454 |   1410 |     44 |     53 |    967 |   4 |  363.5 |
       Dungeon |   1454 |   1410 |     44 |     53 |    967 |   4 |  363.5 |
               +--------+--------+--------+--------+--------+-----+--------+

Top non-repeatable levels by time:
     D:2: 443 daAuts
     D:1: 427 daAuts
     D:3: 296 daAuts
     D:4: 287 daAuts
